 Dungeon Sprint DCSS version 0.27-a0-633-gc6addc0a40 (webtiles) character file.

Game seed: 11303063607011267757

40618 rocky1 the Severer (level 13, -12/133 HPs)
             Began as a Minotaur Gladiator on Mar 14, 2021.
             Was the Champion of Okawaru.
             Killed by the air
             ... invoked by a spriggan air mage
              (15 damage)
             ... in the Dungeon (Sprint VII: "The Pits").
             The game lasted 00:29:29 (6034 turns).

rocky1 the Severer (Minotaur Gladiator)             Turns: 6034, Time: 00:29:31

Health: -12/133    AC: 34    Str: 23    XL:     13   Next: 75%
Magic:  16/21      EV: 30    Int:  5    God:    Okawaru [******]
Gold:   56         SH:  0    Dex: 17    Spells: 12/12 levels left

rFire    + . .     SeeInvis .   a - +10 executioner's axe "Inemeotsur" {vorpal, rF+ Dex+4}
rCold    . . .     Faith    .   (shield currently unavailable)
rNeg     . . .     Spirit   .   i - +0 crystal plate armour
rPois    +         Reflect  .   c - +0 hat
rElec    .         Harm     .   (no cloak)
rCorr    .         Rampage  .   q - +0 pair of gloves
Will     .....     NoTele   +   (no boots)
Stlth    ..........             H - amulet of the acrobat
HPRegen  0.32/turn              I - ring of poison resistance
MPRegen  0.17/turn              J - +4 ring of protection

@: mighty, lethally poisoned (-12 -> -12), heroic, finesse-ful, acrobatic
A: horns 2, retaliatory headbutt
a: Renounce Religion, Heroism, Finesse


You were in the Dungeon.
You worshipped Okawaru.
Okawaru was exalted by your worship.
You visited 1 branch You collected 56 gold pieces.

Inventory:

Hand Weapons
 a - the +10 executioner's axe "Inemeotsur" (weapon) {vorpal, rF+ Dex+4}
   (Okawaru gifted it to you in the Dungeon)

   It inflicts extra damage upon your enemies.
   It affects your dexterity (+4).
   It protects you from fire.
 b - the +4 shortbow "Ugoky" {venom, +Inv rC+ Will++ Dex-2}
   (You took it off a naga in the Dungeon)

   It poisons the ammo it fires.
   It affects your dexterity (-2).
   It protects you from cold.
   It affects your willpower, your defense against some magical effects.
   It lets you turn invisible.
 j - the +8 flail of Impermanence {flame, Dex+2}
   (You took it off a naga in the Dungeon)

   It has been specially enchanted to burn those struck by it, causing extra
   injury to most foes and up to half again as much damage against particularly
   susceptible opponents.
   It affects your dexterity (+2).
 n - a +4 scimitar of flaming
 o - a +2 vorpal morningstar
 p - the +2 executioner's axe of Judgement {vorpal, rF+ Dex+5}
   (Okawaru gifted it to you in the Dungeon)

   It inflicts extra damage upon your enemies.
   It affects your dexterity (+5).
   It protects you from fire.
 w - a +2 scimitar of holy wrath
 y - a +2 battleaxe of freezing
 A - the +8 autumn katana {vorpal, Clar}
   (You found it in the Dungeon)

   It inflicts extra damage upon your enemies.
   It protects you against confusion.
 P - a +0 longbow
 Q - a +3 triple sword of holy wrath
Missiles
 d - 4 throwing nets
 v - 20 boomerangs
 x - 108 arrows
 z - 18 silver javelins (quivered)
Armour
 c - a +0 hat (worn)
 i - a +0 crystal plate armour (worn)
 q - a +0 pair of gloves (worn)
 u - a +4 scale mail of fire resistance
Jewellery
 H - an amulet of the acrobat (around neck)
 I - a ring of poison resistance (right hand)
 J - a +4 ring of protection (left hand)
 N - a +6 ring of intelligence
Wands
 r - a wand of mindburst (11)
 B - a wand of digging (4)
Scrolls
 l - 6 scrolls of amnesia
 m - a scroll of summoning
 D - a scroll of fear
 E - 2 scrolls of fog
 F - 2 scrolls of enchant armour
 G - 5 scrolls of enchant weapon
Potions
 e - 6 potions of curing
 g - 2 potions of haste
 h - 4 potions of magic
 k - 2 potions of invisibility
 s - 4 potions of resistance
 t - a potion of might
 K - a potion of brilliance
 L - a potion of berserk rage
Miscellaneous
 C - a phial of floods
 M - a tin of tremorstones (2/2)
 O - a phantom mirror


   Skills:
 - Level 17.4(22.4) Fighting
 + Level 10.3(15.3) Long Blades
 + Level 19.0(24.0) Axes
 + Level 13.9(18.9) Bows
 + Level 9.3(14.3) Throwing
 - Level 17.2(22.2) Armour
 - Level 16.3(21.3) Dodging
 + Level 12.1 Invocations
 + Level 6.6 Evocations


You had 12 spell levels left.
You didn't know any spells.
Your spell library contained the following spells:

 Spells                   Type           Power      Damage    Failure   Level
 Ice Form                 Ice/Tmut       0%         N/A       100%        4
 Metabolic Englaciation   Hex/Ice        0%         N/A       100%        5
 Freezing Cloud           Conj/Ice/Air   0%         6-21      100%        6
 Simulacrum               Ice/Necr       0%         N/A       100%        6
 Ozocubu's Refrigeration  Ice            0%         4d5       100%        7


Dungeon Overview and Level Annotations

Branches:
Dungeon (1/1)

Altars:
Ashenzari
Cheibriados
Dithmenos
Elyvilon
Fedhas
Gozag
Hepliaklqana
Kikubaaqudgha
Makhleb
Nemelex Xobeh
Okawaru
Qazlal
Ru
Sif Muna
Trog
Uskayaw
Vehumet
Wu Jian
Xom
Yredelemnul
Zin
The Shining One
Beogh
Jiyva
Lugonu


Innate Abilities, Weirdness & Mutations

You have a pair of horns on your head.
You reflexively headbutt those who attack you in melee.


Message History

You hear a splash. x2
The orc knight barely misses you. You furiously retaliate!
You headbutt the orc knight!!
You kill the orc knight!
Okawaru accepts your kill.
A deep elf knight comes into view. It is wielding a +0 long sword.
The orc knight hits you from afar with a +0 bardiche!
* * * LOW HITPOINT WARNING * * *
Your phial of floods has recharged.
Your base Axes skill increases to level 19!
Your Invocations skill increases to level 12!
Unknown command.
You slice the spriggan air mage!!
The spriggan air mage is severely wounded.
Your crystal plate armour prevents you from hitting something.
The spriggan air mage gestures at you while chanting.
The bolt of lightning hits you!
* * * LOW HITPOINT WARNING * * *
You hear some strange, mumbled words.
A shard of ice appears from out of thin air!
The shard of ice misses you.
You feel much better. The orc knight barely misses you.
The vault guard hits you but does no damage.
Something hits you but does no damage.
The spriggan air mage closely misses you.
The orc knight hits you but does no damage.
Unknown command.
You feel sick.
You hear some strange, mumbled words.
A lance of force appears from out of thin air!
The lance of force hits you!
* * * LOW HITPOINT WARNING * * *
You are knocked back by the lance of force.
You slam into the metal wall!
* * * LOW HITPOINT WARNING * * *
The deep elf knight casts a spell.
The deep elf knight seems to speed up.
The spriggan air mage waves its arms in wide circles.
The air twists around and strikes you!
You die...

#..# ...# ...# #..# ...+ ...+
#''#
#[†##############################
#.)†)...........@................
#..)[...............)............
#..##############()##############
#..# #.){i..# # #..# #.opN..# #
#..# #.≈≈...# # #..# ###.e### #
#..# ..(. # #..# ..(.. #


You could see a naga warrior, a vault guard, a deep elf knight (fast) and a
spriggan air mage (repels missiles).

Vanquished Creatures
  A deep elf master archer (D)
  A nagaraja (D)
  Aizul (D)
  2 orc warlords (D)
  A vampire knight (D)
  A merfolk javelineer (D)
  A deep elf death mage (D)
  An eidolon (D)
  A fire dragon (D)
  Harold (D)
  A rakshasa (D)
  A naga warrior (D)
  A boulder beetle (D)
  A two-headed ogre (D)
  An anaconda (D)
  An alligator (D)
  6 death yaks (D)
  A death knight (D)
  A dancing weapon (D)
  2 large abominations (D)
  A deep elf knight (D)
  A sun demon (D)
  A soul eater (D)
  A shadow wraith (D)
  2 unseen horrors (D)
  2 lindwurms (D)
  A flayed ghost (D)
  8 orc knights (D)
  A cyclops (D)
  A deep elf zephyrmancer (D)
  An orc sorcerer (D)
  3 merfolk sirens (D)
  A black mamba (D)
  A molten gargoyle (D)
  A naga mage (D)
  A guardian serpent (D)
  2 efreet (D)
  A demonic crawler (D)
  A rime drake (D)
  A guardian mummy (D)
  A red devil (D)
  3 ice devils (D)
  3 merfolk (D)
  A hornet (D)
  A snapping turtle (D)
  A flying skull (D)
  A redback (D)
  2 ynoxinuls (D)
  A tarantella (D)
  A vampire (D)
  Grum (D)
  A steam dragon (D)
  2 neqoxecs (D)
  A soldier ant (D)
  2 wargs (D)
  4 nagas (D)
  2 acid dragons (D)
  A sky beast (D)
  An orc warrior (D)
  A swamp drake (D)
  3 wolves (D)
  3 centaurs (D)
  A phantom (D)
  A gnoll sergeant (D)
  5 killer bees (D)
  Terence (D)
  An iguana (D)
  A hell rat (D)
  3 worker ants (D)
  A small abomination (D)
  2 mummies (D)
  An adder (D)
  3 gnolls (D)
  A river rat (D)
  2 oozes (D)
  An adder skeleton (D)
  3 worms (D)
  2 orcs (D)
  A bat skeleton (D)
  2 giant cockroaches (D)
  2 hobgoblins (D)
  12 jackals (D)
  A kobold (D)
  A bat (D)
  A frilled lizard (D)
  3 goblins (D)
  A leopard gecko skeleton (D)
149 creatures vanquished.

Vanquished Creatures (others)
  Ilsuiw (D)
1 creature vanquished.

Grand Total: 150 creatures vanquished

Notes
Turn   | Place    | Note
-------+----------+-------------------------------------------
     0 | D        | rocky1 the Minotaur Gladiator began the quest for the Orb.
     0 | D        | Reached XP level 1. HP: 18/18 MP: 0/0
    16 | D        | Reached skill level 1 in Armour
    45 | D        | Found a bloodstained altar of Trog.
    45 | D        | Found a shimmering blue altar of Sif Muna.
    45 | D        | Found a viscous altar of Jiyva.
    45 | D        | Found a hazy altar of Hepliaklqana.
    45 | D        | Found an opulent altar of Gozag.
    46 | D        | Found a glowing golden altar of the Shining One.
    46 | D        | Found a glowing silver altar of Zin.
    46 | D        | Found a basalt altar of Yredelemnul.
    46 | D        | Found a shimmering altar of Xom.
    46 | D        | Found an ornate altar of the Wu Jian Council.
    46 | D        | Found a sacrificial altar of Ru.
    46 | D        | Found a stormy altar of Qazlal.
    46 | D        | Found an iron altar of Okawaru.
    46 | D        | Found a sparkling altar of Nemelex Xobeh.
    46 | D        | Found a burning altar of Makhleb.
    46 | D        | Found a blossoming altar of Fedhas.
    46 | D        | Found a white marble altar of Elyvilon.
    46 | D        | Found a shadowy altar of Dithmenos.
    46 | D        | Found a snail-covered altar of Cheibriados.
    49 | D        | Found a corrupted altar of Lugonu.
    49 | D        | Found a radiant altar of Vehumet.
    50 | D        | Found an ancient bone altar of Kikubaaqudgha.
    50 | D        | Found a hide-covered altar of Uskayaw.
    50 | D        | Found a broken altar of Ashenzari.
    54 | D        | Became a worshipper of Warmaster Okawaru
    74 | D        | Noticed a worker ant
    77 | D        | Killed a worker ant
    78 | D        | Reached skill level 4 in Axes
    78 | D        | Reached XP level 2. HP: 23/27 MP: 0/2
   332 | D        | Reached XP level 3. HP: 33/33 MP: 3/3
   438 | D        | Reached skill level 5 in Axes
   667 | D        | Noticed a flying skull
   690 | D        | Killed a flying skull
   690 | D        | Reached * piety under Okawaru
   690 | D        | Reached ** piety under Okawaru
   691 | D        | Reached skill level 7 in Axes
   691 | D        | Reached XP level 4. HP: 25/45 MP: 3/6
   691 | D        | Reached XP level 5. HP: 28/51 MP: 3/7
   875 | D        | Noticed Terence
   884 | D        | Killed Terence
   885 | D        | Reached skill level 5 in Invocations
   907 | D        | Noticed a phantom
   921 | D        | Killed a phantom
   922 | D        | Reached skill level 8 in Axes
   922 | D        | Reached XP level 6. HP: 40/60 MP: 7/9
  1024 | D        | Noticed a sky beast
  1043 | D        | Killed a sky beast
  1109 | D        | Noticed a ynoxinul
  1109 | D        | Noticed a guardian mummy
  1117 | D        | Killed a ynoxinul
  1118 | D        | Reached skill level 9 in Axes
  1118 | D        | Reached XP level 7. HP: 42/69 MP: 7/11
  1129 | D        | Killed a guardian mummy
  1129 | D        | Reached *** piety under Okawaru
  1484 | D        | Noticed a ynoxinul
  1484 | D        | Noticed an efreet
  1496 | D        | Killed a ynoxinul
  1497 | D        | Reached skill level 10 in Axes
  1497 | D        | Reached XP level 8. HP: 71/79 MP: 10/12
  1498 | D        | Killed an efreet
  1498 | D        | Reached **** piety under Okawaru
  1499 | D        | Reached skill level 10 in Fighting
  1572 | D        | Noticed a death yak
  1589 | D        | Killed a death yak
  1590 | D        | Reached skill level 11 in Axes
  1590 | D        | Reached skill level 10 in Armour
  1590 | D        | Reached skill level 10 in Dodging
  1593 | D        | Reached ***** piety under Okawaru
  1721 | D        | Noticed a demonic crawler
  1721 | D        | Noticed a flayed ghost
  1729 | D        | Killed a demonic crawler
  1730 | D        | Reached XP level 9. HP: 51/89 MP: 11/14
  1734 | D        | Killed a flayed ghost
  1735 | D        | Noticed an efreet
  1799 | D        | Killed an efreet
  1799 | D        | Received a gift from Okawaru
  1800 | D        | Reached skill level 12 in Axes
  1923 | D        | Noticed an eidolon
  1924 | D        | Noticed a molten gargoyle
  1933 | D        | Killed a molten gargoyle
  1938 | D        | Killed an eidolon
  1939 | D        | Reached XP level 10. HP: 16/100 MP: 9/16
  2273 | D        | Noticed a black mamba
  2283 | D        | Killed a black mamba
  2284 | D        | Reached skill level 13 in Axes
  2305 | D        | Killed a shadow wraith
  2320 | D        | Noticed a deep elf zephyrmancer
  2330 | D        | Killed a deep elf zephyrmancer
  2509 | D        | Noticed Harold
  2523 | D        | Killed Harold
  2524 | D        | Reached skill level 14 in Axes
  2650 | D        | Noticed a boulder beetle
  2650 | D        | Noticed Grum
  2671 | D        | Reached skill level 1 in Bows
  2690 | D        | Received a gift from Okawaru
  2705 | D        | Killed Grum
  2709 | D        | Killed a boulder beetle
  2710 | D        | Reached XP level 11. HP: 45/111 MP: 11/17
  2720 | D        | Noticed a deep elf death mage
  2805 | D        | Killed a deep elf death mage
  2805 | D        | Identified the +2 battleaxe of Linearity {flame, *Drain
                  | Will+++ Int+2 SInv} (Okawaru gifted it to you in the
                  | Dungeon)
  2805 | D        | Received a gift from Okawaru
  2806 | D        | Reached skill level 15 in Axes
  2806 | D        | Reached skill level 5 in Bows
  3319 | D        | Noticed Aizul
  3319 | D        | Noticed a merfolk javelineer
  3319 | D        | Noticed a large abomination
  3319 | D        | Noticed a deep elf knight
  3320 | D        | Found the +8 autumn katana {vorpal, Clar}
  3320 | D        | Identified the +8 flail of Impermanence {flame, Dex+2}
  3330 | D        | Killed a deep elf knight
  3331 | D        | Reached skill level 15 in Fighting
  3337 | D        | Killed a large abomination
  3338 | D        | Reached skill level 15 in Armour
  3342 | D        | Noticed a sun demon
  3344 | D        | Noticed an anaconda
  3346 | D        | Noticed an unseen horror
  3783 | D        | Noticed a nagaraja
  3792 | D        | Killed a sun demon
  3805 | D        | Killed a nagaraja
  3806 | D        | Paralysed by a hornet for 3 turns
  3813 | D        | Reached skill level 16 in Axes
  3825 | D        | Identified the +10 executioner's axe "Inemeotsur" {vorpal,
                  | rF+ Dex+4} (Okawaru gifted it to you in the Dungeon)
  3825 | D        | Received a gift from Okawaru
  3827 | D        | Identified the +4 shortbow "Ugoky" {venom, +Inv rC+ Will++
                  | Dex-2}
  3855 | D        | Killed Aizul
  3856 | D        | Reached skill level 15 in Dodging
  3912 | D        | Reached XP level 12. HP: 34/124 MP: 10/18
  3913 | D        | Received a gift from Okawaru
  4327 | D        | Noticed Ilsuiw
  4331 | D        | Killed an anaconda
  4333 | D        | Received a gift from Okawaru
  4349 | D        | Identified the +2 executioner's axe of Judgement {vorpal,
                  | rF+ Dex+5} (Okawaru gifted it to you in the Dungeon)
  4349 | D        | Received a gift from Okawaru
  4352 | D        | Killed Ilsuiw
  4353 | D        | Reached skill level 10 in Bows
  4357 | D        | Killed a merfolk javelineer
  5013 | D        | Noticed an alligator
  5017 | D        | Killed an alligator
  5054 | D        | Noticed a death knight
  5054 | D        | Noticed a fire dragon
  5054 | D        | Noticed a rakshasa
  5060 | D        | Reached skill level 1 in Long Blades
  5063 | D        | Killed a rakshasa
  5064 | D        | Reached skill level 17 in Axes
  5069 | D        | Killed a fire dragon
  5069 | D        | Killed a death knight
  5069 | D        | Received a gift from Okawaru
  5070 | D        | Reached skill level 5 in Long Blades
  5070 | D        | Reached skill level 5 in Throwing
  5321 | D        | Noticed a deep elf master archer
  5333 | D        | Killed a deep elf master archer
  5333 | D        | Received a gift from Okawaru
  5334 | D        | Reached skill level 10 in Invocations
  5334 | D        | Reached XP level 13. HP: 94/133 MP: 12/19
  5345 | D        | Reached ****** piety under Okawaru
  5349 | D        | Received a gift from Okawaru
  5354 | D        | Reached skill level 18 in Axes
  5688 | D        | Noticed a vampire knight
  5697 | D        | Killed a vampire knight
  5697 | D        | Received a gift from Okawaru
  5704 | D        | Reached skill level 5 in Evocations
  5995 | D        | Noticed an orc warlord
  5996 | D        | Noticed an orc warlord
  6016 | D        | Killed an orc warlord
  6018 | D        | Killed an orc warlord
  6019 | D        | Reached skill level 10 in Long Blades
  6032 | D        | Reached skill level 19 in Axes
  6032 | D        | HP: 6/133 [spriggan air mage/bolt of lightning (13)]
  6034 | D        | Killed from afar by a spriggan air mage

Illustrated notes

Levels and vault maps discovered:
D:        pitsprint [storerooms_1, entrance_room_1, metal_vault_3, armoury_1,
          mini_pit_1, grid_room_1, main_hall_1, silver_pit, the_coven_1,
          the_vestibule_1, steel_vault_2, golden_pit, hallway_of_sentries,
          crystal_vault_4, iron_vault_1, final_vault]

Skill      XL: |  1  2  3  4  5  6  7  8  9 10 11 12 13 |
---------------+----------------------------------------+-----
Armour         | 2 3 6 7 8 9 10 12 14 16 17 | 17.2
Fighting       | 3 4 6 7 8 9 11 12 14 16 17 | 17.4
Axes           | 4 7 8 9 10 11 12 14 16 17 19 | 19.0
Dodging        | 4 6 7 8 9 10 12 13 15 16 | 16.3
Invocations    | 2 4 5 6 7 9 10 12 | 12.1
Bows           | 3 9 12 13 | 13.9
Long Blades    | 6 10 | 10.3
Throwing       | 6 9 |  9.3
Evocations     | 2 6 |  6.6

Action                   |  1- 3 |  4- 6 |  7- 9 | 10-12 | 13-15 || total
-------------------------+-------+-------+-------+-------+-------++-------
Melee: Hand axe          |    33 |    53 |    12 |       |       ||    98
       War axe           |     3 |       |    43 |    70 |       ||   116
       Headbutt          |     8 |     9 |    15 |    46 |    26 ||   104
       Punch             |       |       |     1 |     1 |       ||     2
       Battleaxe         |       |       |       |   105 |       ||   105
       Executioner's axe |       |       |       |    60 |    70 ||   130
 Fire: Shortbow          |       |       |       |       |     9 ||     9
Throw: Javelin           |       |       |       |     7 |       ||     7
Invok: Heroism           |       |     2 |     5 |     9 |     3 ||    19
       Finesse           |       |       |     1 |     8 |     1 ||    10
Evoke: Phial of floods   |       |       |       |       |     1 ||     1
  Use: Potion            |     1 |       |     4 |    13 |     5 ||    23
       Scroll            |       |       |       |     3 |       ||     3
 Stab: Confused          |       |       |     1 |       |       ||     1
Armor: Leather armour    |     3 |       |       |       |       ||     3
       Scale mail        |     4 |    13 |       |       |       ||    17
       Chain mail        |       |       |    15 |       |       ||    15
       Crystal plate arm |       |       |     9 |   137 |    41 ||   187
Dodge: Dodged            |    23 |    13 |    22 |   117 |    62 ||   237

Table legend: (Time is in decaauts)
 A = Elapsed time spent in this place.
 B = Non-inter-level travel time spent in this place.
 C = Inter-level travel time spent in this place.
 D = Time resting spent in this place.
 E = Time spent auto-exploring this place.
 F = Levels seen in this place.
 G = Mean time per level.
                   A        B        C        D        E       F      G
               +--------+--------+--------+--------+--------+-----+--------+
         Total |   5892 |   5892 |      0 |   4273 |      0 |   1 | 5892.0 |
       Dungeon |   5892 |   5892 |      0 |   4273 |      0 |   1 | 5892.0 |
               +--------+--------+--------+--------+--------+-----+--------+

Top non-repeatable levels by time:
       D: 5892 daAuts
